 Dungeon Crawl Stone Soup version 0.31-a0-233-g139696dc86 (webtiles) character file.

Game seed: 5587917684921510706

709 qw the Skirmisher (level 7, -1/60 HPs)
             Began as a Minotaur Hexslinger on July 7, 2023.
             Was an Initiate of Okawaru.
             Slain by a wyvern (7 damage)
             ... on level 6 of the Dungeon.
             The game lasted 00:01:37 (4184 turns).

qw the Skirmisher (Minotaur Hexslinger)             Turns: 4184, Time: 00:01:38

Health: -1/60      AC:  7    Str: 13    XL:     7   Next: 40%
Magic:  7/7        EV: 11    Int: 10    God:    Okawaru [......]
Gold:   260        SH:  5    Dex: 14    Spells: 7/8 levels left

rFire   . . .        d - +0 shortbow
rCold   . . .        (shield currently unavailable)
rNeg    . . .        h - +0 ring mail
rPois   .            i - +2 hat
rElec   .            (no cloak)
rCorr   .            (no gloves)
SInv    .            (no boots)
Will    .....        e - amulet of reflection
Stlth   +            (no ring)
HPRegen 0.30/turn    (no ring)
MPRegen 0.10/turn

%: reflection
@: no status effects
A: horns 2, retaliatory headbutt
a: Renounce Religion


You were on level 6 of the Dungeon.
You worshipped Okawaru.
Okawaru was noncommittal.
You visited 2 branches of the dungeon, and saw 7 of its levels.

You collected 260 gold pieces.


Innate Abilities, Weirdness & Mutations

You have a pair of horns on your head.
You reflexively headbutt those who attack you in melee.


   Skills:
 + Level 4.4 Fighting
 - Level 8.1 Ranged Weapons
 - Level 1.4 Armour
 - Level 2.1 Dodging
 - Level 1.0 Spellcasting
 - Level 2.0 Hexes


You had 7 spell levels left.
You knew the following spells:

 Your Spells              Type           Power      Damage    Failure   Level
a - Slow                  Hex            16%        N/A       32%         1

Your spell library contained the following spells:

 Spells                   Type           Power      Damage    Failure   Level
 Inner Flame              Hex/Fire       2%         N/A       82%         3
 Portal Projectile        Hex/Tloc       4%         N/A       82%         3
 Cause Fear               Hex            2%         N/A       97%         4

Inventory:

Hand Weapons
 d - a +0 shortbow (weapon)
Armour
 h - a +0 ring mail (worn)
 i - a +2 hat (worn)
Jewellery
 e - an amulet of reflection (around neck)
Wands
 g - a wand of digging (6)
Scrolls
 b - 6 scrolls of identify
Potions
 c - a potion of curing
 f - 2 potions of might
 j - a potion of enlightenment

Dungeon Overview and Level Annotations

Branches:
Dungeon (6/15)             Temple (1/1) D:5

Altars:
Ashenzari
Cheibriados
Dithmenos
Elyvilon
Fedhas
Gozag
Hepliaklqana
Kikubaaqudgha
Makhleb
Nemelex Xobeh
Okawaru
Qazlal
Ru
Sif Muna
Vehumet
Xom
Zin
The Shining One


Message History

You shoot an arrow. The arrow barely misses the wyvern.
You block the wyvern's attack.
You shoot an arrow. The arrow barely misses the wyvern.
You block the wyvern's attack. The wyvern bites you!
You shoot an arrow. The arrow hits the wyvern.
The wyvern is severely wounded.
The wyvern bites you!
4176 ||| DRINKING potion of heal wounds.
You feel much better. You block the wyvern's attack.
The wyvern barely misses you.
You shoot an arrow. The arrow closely misses the wyvern.
The wyvern closely misses you. x2
You shoot an arrow. The arrow completely misses the wyvern.
The wyvern hisses menacingly.
The wyvern closely misses you.
You shoot an arrow.
The arrow hits the wyvern but does no damage.
The wyvern is heavily wounded.
The wyvern bites you but does no damage.
The wyvern bites you!
You shoot an arrow.
The arrow hits the wyvern but does no damage.
The wyvern is heavily wounded.
The wyvern bites you!
You shoot an arrow.
The arrow hits the wyvern but does no damage.
The wyvern is heavily wounded.
The wyvern closely misses you. The wyvern misses you. You furiously retaliate!
You headbutt the wyvern, but do no damage.
You shoot an arrow. The arrow hits the wyvern.
The wyvern is severely wounded.
The wyvern bites you. x2
You shoot an arrow.
The arrow hits the wyvern but does no damage.
The wyvern is severely wounded.
The wyvern barely misses you.
You shoot an arrow. The arrow hits the wyvern.
The wyvern is severely wounded.
You block the wyvern's attack. The wyvern bites you!
You die...

.........<..# .#
#.###.....#### .#
#.####...## .#
#.##....## .
#.##.#### #. #.##.#
##.#####.##.#
#........%<.#######
#..@......).......
#.l####.##..#####.
#.. #.##..# #..
#.##..# #.. #.##...
#.$ #....... ...
#####.... #.. ..#.#


You could see a wyvern.

Vanquished Creatures
  Edmund (D:6)
  A black bear (D:4)
  A howler monkey (D:6)
  3 hounds
  2 jellies (D:5)
  Ijyb (D:5)
  An iguana (D:4)
  Natasha (thrice) (D:4)
  An orc wizard (D:4)
  9 adders
  An ufetubus (D:5)
  2 worms (D:3)
  3 dart slugs (D:1)
  7 orcs
  8 ball pythons
  2 bats
  3 endoplasms
  2 giant cockroaches
  3 goblins
  7 hobgoblins
  4 jackals
  5 kobolds
  4 quokkas
  A frilled lizard (D:2)
  5 rats
80 creatures vanquished.

Notes
Turn   | Place    | Note
-------+----------+-------------------------------------------
     0 | D:1      | qw the Minotaur Hexslinger began the quest for the Orb.
     0 | D:1      | Reached XP level 1. HP: 16/16 MP: 1/1
     0 | D:1      | 0 ||| qw: Version: 0.3-a-46-gb1f654a
     0 | D:1      | 0 ||| qw: Game counter: 3025
     0 | D:1      | 0 ||| qw: Melee chars always use a shield: true
     0 | D:1      | 0 ||| qw: God list: Okawaru
     0 | D:1      | 0 ||| qw: Allow faded altars: false
     0 | D:1      | 0 ||| qw: Do Orc after clearing Dungeon:15 true
     0 | D:1      | 0 ||| qw: Do second Lair branch before Depths: true
     0 | D:1      | 0 ||| qw: Lair rune preference: random
     0 | D:1      | 0 ||| qw: Goals: Normal
     0 | D:1      | 0 ||| PLANNING D:1-11
    82 | D:1      | 82 ||| FLEEEEING.
    83 | D:1      | 83 ||| FLEEEEING.
   104 | D:1      | Reached skill level 3 in Ranged Weapons
   132 | D:1      | Reached XP level 2. HP: 23/23 MP: 2/2
   366 | D:1      | 366 ||| Stepping ~*~*~tactically~*~*~ (water).
   426 | D:1      | Reached XP level 3. HP: 21/29 MP: 3/3
   917 | D:1      | 917 ||| UPGRADING to +0 leather armour.
   927 | D:1      | 927 ||| DROPPING +0 robe.
   928 | D:1      | 928 ||| UPGRADING to +0 ring mail.
   938 | D:1      | 938 ||| DROPPING +0 leather armour.
   939 | D:1      | 939 ||| READING scroll labelled HOMAKL PURUS.
   940 | D:1      | 940 ||| READING scroll labelled JUUBYCOKHU.
   941 | D:1      | 941 ||| READING scroll labelled LUSEKH UWNE.
   942 | D:1      | 942 ||| DROPPING scroll of poison.
  1734 | D:2      | 1734 ||| UPGRADING to amulet of reflection.
  1739 | D:2      | 1739 ||| READING scroll labelled HUECLE VEPTU KONT.
  1742 | D:2      | 1742 ||| DRINKING 4 fuming dark potions.
  1743 | D:2      | 1743 ||| DRINKING 2 smoky sapphire potions.
  1744 | D:2      | 1744 ||| DRINKING 2 clear potions.
  1745 | D:2      | 1745 ||| READING 2 scrolls of identify.
  1745 | D:2      | 1745 ||| IDENTIFYING silvery potion
  1746 | D:2      | 1746 ||| DROPPING potion of brilliance.
  1799 | D:3      | Reached skill level 4 in Ranged Weapons
  2205 | D:3      | Found a glowing silver altar of Zin.
  2209 | D:3      | Found a blossoming altar of Fedhas.
  2213 | D:3      | Found a broken altar of Ashenzari.
  2227 | D:3      | Reached skill level 1 in Armour
  2227 | D:3      | Reached XP level 4. HP: 36/36 MP: 4/4
  2608 | D:3      | 2608 ||| READING scroll labelled WOCERPH HIAFOFA.
  2609 | D:3      | 2609 ||| READING scroll labelled VASINT SOEPIJE.
  2610 | D:3      | 2610 ||| READING scroll labelled XUYTHYA TAETA.
  2788 | D:4      | Noticed Natasha
  2794 | D:4      | Reached skill level 5 in Ranged Weapons
  2794 | D:4      | HP: 6/36 [Natasha (6)]
  2795 | D:4      | 2795 ||| DRINKING 4 potions of heal wounds.
  2799 | D:4      | Killed Natasha
  2800 | D:4      | Reached XP level 5. HP: 27/44 MP: 5/5
  2873 | D:4      | Noticed Natasha
  2874 | D:4      | 2874 ||| READING scroll labelled SOHEMEMIHON.
  2882 | D:4      | Killed Natasha
  2883 | D:4      | Reached skill level 3 in Fighting
  2918 | D:4      | Noticed a black bear
  2926 | D:4      | Killed a black bear
  2927 | D:4      | Reached skill level 6 in Ranged Weapons
  2927 | D:4      | Reached XP level 6. HP: 44/51 MP: 6/6
  2928 | D:4      | 2928 ||| FLEEEEING.
  2929 | D:4      | 2929 ||| FLEEEEING.
  2930 | D:4      | 2930 ||| FLEEEEING.
  3093 | D:4      | Noticed Natasha
  3104 | D:4      | Killed Natasha
  3347 | D:4      | 3347 ||| UPGRADING to +2 hat.
  3352 | D:4      | 3352 ||| DRINKING 2 red potions.
  3353 | D:4      | 3353 ||| READING 6 scrolls of identify.
  3353 | D:4      | 3353 ||| IDENTIFYING fizzy inky potion
  3354 | D:4      | 3354 ||| READING 5 scrolls of identify.
  3354 | D:4      | 3354 ||| IDENTIFYING brown potion
  3355 | D:4      | 3355 ||| DROPPING potion of magic.
  3356 | D:4      | 3356 ||| DROPPING potion of degeneration.
  3401 | D:5      | Entered Level 5 of the Dungeon
  3459 | D:5      | Reached skill level 7 in Ranged Weapons
  3565 | D:5      | Found a staircase to the Ecumenical Temple.
  3566 | D:5      | 3566 ||| PLANNING TEMPLE
  3572 | Temple   | Entered the Ecumenical Temple
  3572 | Temple   | Found a transporter.
  3572 | Temple   | Found a transporter.
  3574 | Temple   | Found a transporter.
  3574 | Temple   | Found a transporter.
  3584 | Temple   | 3584 ||| PLANNING D:1-11
  3599 | Temple   | 3599 ||| PLANNING OKAWARU WORSHIP
  3605 | Temple   | Became a worshipper of Warmaster Okawaru
  3606 | Temple   | 3606 ||| PLANNING D:1-11
  3650 | D:5      | 3650 ||| SWAPPING to +0 shortbow.
  3651 | D:5      | 3651 ||| DROPPING +1 sling of draining.
  3748 | D:5      | Reached XP level 7. HP: 50/59 MP: 7/7
  3756 | D:5      | Noticed Ijyb
  3757 | D:5      | 3757 ||| FLEEEEING.
  3799 | D:5      | Killed Ijyb
  4063 | D:6      | Noticed Edmund
  4083 | D:6      | HP: 10/59 [Edmund/+2 flail of holy wrath (7)]
  4084 | D:6      | 4084 ||| DRINKING 3 potions of heal wounds.
  4094 | D:6      | HP: 14/59 [Edmund/+2 flail of holy wrath (5)]
  4095 | D:6      | 4095 ||| DRINKING 2 potions of heal wounds.
  4097 | D:6      | Killed Edmund
  4098 | D:6      | Reached skill level 8 in Ranged Weapons
  4167 | D:6      | Noticed a wyvern
  4175 | D:6      | HP: 12/60 [wyvern (8)]
  4176 | D:6      | 4176 ||| DRINKING potion of heal wounds.
  4180 | D:6      | HP: 13/60 [wyvern (10)]
  4182 | D:6      | HP: 5/60 [wyvern (5)]
  4184 | D:6      | Slain by a wyvern

Levels and vault maps discovered:
D:1:      dpeg_arrival_chambers_temple_mockup, layout_loops_ring,
          nicolae_concentric_dashed_squares_mild, chequers_serial_rivers_marsh,
          minmay_tetromino_l4
D:2:      layout_loops_ring, serial_forest, infiniplex_forest_side_room,
          infiniplex_forest_clump_tiny, infiniplex_forest_zigzag_2,
          infiniplex_forest_clump_double, infiniplex_forest_straight_3,
          infiniplex_forest_straight_5, infiniplex_forest_straight_2,
          chequers_garden, minmay_fountain_box
D:3:      layout_basic, grunt_temple_overflow_open
D:4:      layout_rooms, ebering_dispersal_statue_hall,
          nicolae_concentric_dashed_squares_wild, uniq_natasha
D:5:      layout_rooms, minmay_temple_entry_junction_2, uniq_ijyb
D:6:      layout_loops_ring, nzn_wu_jian_contemplation,
          amcnicky_mini_pool_small, uniq_prince_ribbit1, uniq_edmund
Temple:   hellmonk_temple_divided_pantheon

Skill      XL: |  1  2  3  4  5  6  7 |
---------------+----------------------+-----
Ranged Weapons | 3 4 5 6 7 8 |  8.1
Fighting       | 2 3 4 |  4.4
Armour         | 1 |  1.4
Dodging        | |  2.1
Spellcasting   | |  1.0
Hexes          | |  2.0

Action                     |  1- 3 |  4- 6 |  7- 9 || total
---------------------------+-------+-------+-------++-------
   Fire: Sling             |   116 |   134 |       ||   250
         Shortbow          |       |     9 |    88 ||    97
    Use: Scroll            |     5 |     6 |       ||    11
         Potion            |     3 |     2 |     3 ||     8
 Armour: Robe              |     1 |       |       ||     1
         Ring mail         |    12 |    38 |    13 ||    63
  Dodge: Dodged            |    49 |    56 |    29 ||   134
  Block: Other             |     1 |    26 |    18 ||    45
         Reflection        |       |     1 |       ||     1

Table legend:
 A = Non-vault XP
 B = Vault XP
 C = Vault XP percentage of total XP
 D = Non-vault monster count
 E = Vault monster count
 F = Vault count percentage of total count
                 A         B        C        D         E       F
            +---------+---------+-------+---------+---------+-------
      Total |     766 |     248 |  24.5 |      73 |       7 |   8.8
            +---------+---------+-------+---------+---------+-------
        D:1 |      38 |       8 |  17.4 |      19 |       4 |  17.4
        D:2 |      17 |       0 |   0.0 |      11 |       0 |   0.0
        D:3 |      50 |       0 |   0.0 |      11 |       0 |   0.0
        D:4 |     379 |      35 |   8.5 |      22 |       1 |   4.3
        D:5 |     222 |      36 |  14.0 |       9 |       1 |  10.0
        D:6 |      60 |     169 |  73.8 |       1 |       1 |  50.0
            +---------+---------+-------+---------+---------+-------
